 Dungeon Crawl Stone Soup version 0.25.1-2-g60ff931df9 (webtiles) character file.

Game seed: 3830438507070835829

57 soggyman666 the Shield-Bearer (level 3, -5/34 HPs)
             Began as a Deep Dwarf Fighter on Nov 3, 2020.
             Was a Plaything of Xom.
             Splashed by a jelly's acid (6 damage)
             ... on level 3 of the Dungeon.
             The game lasted 00:03:26 (1112 turns).

soggyman666 the Shield-Bearer (Deep Dwarf Fighter)  Turns: 1112, Time: 00:03:27

Health: -5/34      AC:  6    Str: 20    XL:     3   Next: 73%
Magic:  3/3        EV:  7    Int:  8    God:    Xom [.....*]
Gold:   107        SH:  9    Dex: 12    Spells: 2/2 levels left

rFire    . . .     SeeInvis .   a - +1 war axe
rCold    . . .     Gourm    .   c - +0 kite shield
rNeg     . . .     Faith    .   b - +0 scale mail
rPois    .         Spirit   .   (no helmet)
rElec    .         Reflect  .   (no cloak)
rCorr    .         Harm     .   (no gloves)
MR       .....                  (no boots)
Stlth    ..........             (no amulet)
HPRegen  0.00/turn              (no ring)
MPRegen  0.08/turn              (no ring)

@: non-regenerating
A: damage resistance, heal wounds, sense surroundings 1, no regeneration
a: Heal Wounds, Renounce Religion


You were on level 3 of the Dungeon.
You worshipped Xom.
You were Xom's teddy bear.
You were not hungry.

You visited 1 branch of the dungeon, and saw 3 of its levels.

You collected 107 gold pieces.

Inventory:

Hand Weapons
 a - a +1 war axe (weapon)
Armour
 b - a +0 scale mail (worn)
 c - a +0 kite shield (worn)
Scrolls
 e - a scroll of enchant armour {unknown}
 i - 4 scrolls of identify
 j - a scroll of fog {unknown}
 k - a scroll of remove curse {unknown}
 l - a scroll of noise {unknown}
 m - a scroll of teleportation {unknown}
Potions
 d - a potion of might
 h - a potion of curing {unknown}
Comestibles
 f - 7 rations
 g - 5 chunks of flesh


   Skills:
 + Level 3.1 Fighting
 + Level 2.8 Axes
 + Level 3.5 Armour
 + Level 0.5 Dodging
 + Level 4.1 Shields


You had 2 spell levels left.
You didn't know any spells.
Your spell library was empty.

Dungeon Overview and Level Annotations

Branches:
Dungeon (3/15)

Altars:
Cheibriados
Hepliaklqana
Nemelex Xobeh
Qazlal
Xom
The Shining One


Innate Abilities, Weirdness & Mutations

You are resistant to damage.
You can heal yourself by infusing magical energy.
You passively map a small area around you.
You do not regenerate.


Message History

You miss the bat. The bat misses you. You block the bat's attack.
You hit the jelly.
Your hands burn!
The jelly is moderately wounded.
The bat hits you but does no damage. You block the jelly's attack.
The jelly hits you but does no damage.
You hit the jelly.
Your hands burn!
The jelly is moderately wounded.
You block the bat's attack. The jelly hits you.
You are splashed with acid!
* * * LOW HITPOINT WARNING * * *
The jelly hits you but does no damage.
You hit the jelly.
Your hands burn!
* * * LOW HITPOINT WARNING * * *
The jelly is heavily wounded.
You block the bat's attack. You block the jelly's attack.
Your shield and scale mail prevent you from hitting the jelly.
The jelly is heavily wounded.
The bat hits you but does no damage. The jelly hits you.
You are splashed with acid!
You die...
Xom laughs nastily!

* #..., , ...# #..#
, * , #..# * * ,
..# * , .
*#b######### *
....###.#........,,
, ......J@.<.# * *
** * ....###.#.## .
#.### * , #.# , , ,
..# * * *###


You could see a jelly and a bat.

Vanquished Creatures
  An adder (D:2)
  A worm (D:2)
  4 dart slugs
  3 leopard geckos
  2 giant cockroaches (D:1)
  5 goblins
  7 hobgoblins
  2 bats
  2 frilled lizards
  3 kobolds
  4 rats
34 creatures vanquished.

Notes
Turn   | Place    | Note
-------+----------+-------------------------------------------
     0 | D:1      | soggyman666 the Deep Dwarf Fighter began the quest for the
                  | Orb.
     0 | D:1      | Reached XP level 1. HP: 20/20 MP: 1/1
    99 | D:1      | Reached XP level 2. HP: 27/27 MP: 2/2
   464 | D:2      | Reached XP level 3. HP: 27/34 MP: 3/3
   474 | D:2      | Found a snail-covered altar of Cheibriados.
   474 | D:2      | Found a sparkling altar of Nemelex Xobeh.
   476 | D:2      | Found a shimmering altar of Xom.
   476 | D:2      | Found a stormy altar of Qazlal.
   476 | D:2      | Found a glowing golden altar of the Shining One.
   477 | D:2      | Found a hazy altar of Hepliaklqana.
   630 | D:2      | Became a worshipper of Xom of Chaos
   717 | D:2      | XOM: silly message
   826 | D:2      | XOM: 1-stop teleportation journey
  1007 | D:2      | Reached skill level 4 in Shields
  1096 | D:3      | XOM: polymorph rat -> dart slug
  1111 | D:3      | HP: 1/34 [acid (3)]
  1112 | D:3      | Splashed by a jelly's acid

Illustrated notes

Levels and vault maps discovered:
D:1:      dpeg_arrival_snail, layout_rooms
D:2:      layout_loops_ring, grunt_temple_overflow_open,
          chequers_decorated_corner
D:3:      layout_loops_ring

Skill      XL: |  1  2  3 |
---------------+----------+-----
Fighting       | 3 |  3.1
Shields        | 4 |  4.1
Axes           | |  2.8
Armour         | |  3.5
Dodging        | |  0.5

Action                   || total
-------------------------++-------
Melee: War axe           ||   103
  Use: Scroll            ||     2
  Eat: Chunk             ||     1
Armor: Scale mail        ||    37
Dodge: Dodged            ||    21
Block: Kite shield       ||    58
